 Dungeon Crawl Stone Soup version 0.27-a0-1191-g601b473118 (webtiles) character file.

Game seed: 17006279695956352002

258 gruber the Digger (level 5, -9/38 HPs)
             Began as a Demigod Earth Elementalist on May 24, 2021.
             Mangled by a wraith (11 damage)
             ... in an ossuary.
             The game lasted 00:03:23 (3406 turns).

gruber the Digger (Demigod Earth Elementalist)      Turns: 3406, Time: 00:03:24

Health: -9/38      AC:  4    Str:  9    XL:     5   Next: 62%
Magic:  1/10       EV: 12    Int: 21    God:
Gold:   88         SH:  0    Dex: 14    Spells: 3/7 levels left

rFire    . . .     SeeInvis .   f - +0 short sword
rCold    . . .     Faith    .   (no shield)
rNeg     . . .     Spirit   .   c - +0 robe
rPois    .         Reflect  .   (no helmet)
rElec    .         Harm     .   g - +1 cloak
rCorr    +         Rampage  .   (no gloves)
Will     .....                  (no boots)
Stlth    ++........             (no amulet)
HPRegen  0.12/turn              j - ring of resist corrosion
MPRegen  0.12/turn              (no ring)

@: slowed, very slow
A: high mp 1, forlorn
a: no special abilities


You were in an ossuary.
You visited 1 branch of the dungeon, and saw 4 of its levels.
You also visited: Ossuary.

You collected 88 gold pieces.

Inventory:

Hand Weapons
 f - a +0 short sword (weapon)
Missiles
 b - 45 stones
Armour
 c - a +0 robe (worn)
 g - a +1 cloak (worn)
Jewellery
 j - a ring of resist corrosion (left hand)
Wands
 i - a wand of iceblast (4)
Scrolls
 a - a scroll of amnesia {unknown}
 e - 2 scrolls of identify {unknown}
Potions
 d - 2 potions of flight {unknown}
 h - a potion of haste {unknown}
 k - a potion of lignification {unknown}
 l - a potion of heal wounds {unknown}
 m - a potion of brilliance {unknown}


   Skills:
 - Level 1.7 Dodging
 - Level 1.7 Stealth
 - Level 1.7 Spellcasting
 + Level 0.1 Translocations
 - Level 0.8 Transmutations
 - Level 6.0 Earth Magic


You had 3 spell levels left.
You knew the following spells:

 Your Spells              Type           Power      Damage    Failure   Level
a - Sandblast             Erth           54%        2d13      1%          1
b - Stone Arrow           Conj/Erth      28%        3d8       13%         3

Your spell library contained the following spells:

 Spells                   Type           Power      Damage    Failure   Level
 Passwall                 Tmut/Erth      13%        N/A       5%          2
 Animate Skeleton         Necr           2%         N/A       16%         1
 Pain                     Necr           4%         1d4       16%         1
 Vampiric Draining        Necr           0%         2d6       41%         3
 Lee's Rapid Deconstruct  Erth           13%        3d10*     34%         5
 Petrify                  Tmut/Erth      16%        N/A       36%         4
 Animate Dead             Necr           0%         N/A       83%         4
 Agony                    Necr           1%         N/A       99%         5


Dungeon Overview and Level Annotations

Branches:
Dungeon (6/15)            Ossuary (1/1)
 Temple: D:4-7


Innate Abilities, Weirdness & Mutations

Your attributes grow dramatically as you level up.
You have an increased reservoir of magic. (+10% MP)
You shall have no god before yourself.


Message History

The wraith closely misses you.
You are too injured to fight recklessly!
Unknown command.
Casting: Sandblast (safe; 1% risk of failure)
Confirm with . or Enter, or press ? or * to list all spells.
Aiming: Sandblast (safe; 1% risk of failure)
Press: ? - help, Shift-Dir - straight line, f/p - wraith
Aim: a wraith (severely damaged, 81% to hit)
The blast of sand misses the wraith.
The wraith hits you but does no damage.
Unknown command.
Unknown command.
Casting: Sandblast (safe; 1% risk of failure)
Confirm with . or Enter, or press ? or * to list all spells.
Aiming: Sandblast (safe; 1% risk of failure)
Press: ? - help, Shift-Dir - straight line, f/p - wraith
Aim: a wraith (severely damaged, 81% to hit)
The blast of sand misses the wraith.
The wraith hits you but does no damage. The wraith closely misses you.
Unknown command.
Casting: Sandblast (safe; 1% risk of failure)
Confirm with . or Enter, or press ? or * to list all spells.
Aiming: Sandblast (safe; 1% risk of failure)
Press: ? - help, Shift-Dir - straight line, f/p - wraith
Aim: a wraith (severely damaged, 81% to hit)
The blast of sand hits the wraith but does no damage.
The wraith is severely damaged.
The wraith hits you!
* * * LOW HITPOINT WARNING * * *
The wraith drains your vigour!
You feel as though you will be slow longer.
Unknown command.
Casting: Sandblast (safe; 1% risk of failure)
Confirm with . or Enter, or press ? or * to list all spells.
You don't have enough magic to cast this spell.
Unknown command.
Unknown command.
Unknown command.
Okay, then.
The wraith hits you!
You die...

#...^........# #........
#............. .........
#..####.####.....####.##
#..# ..# ...8... ..
#..####.####...
#..............
#.....^......#
#..####......#
#..#!'W@.8...#
#..####......##
#..............
#..............
#..#.#..#.#..#.
#..#+#..#+#..# #..# #..#
.# #..# #..# # #... ...^


You could see a wraith.

Vanquished Creatures
  A black bear (D:6)
  Crazy Yiuf (D:2)
  A mummy (Ossuary)
  3 adders
  A howler monkey skeleton (D:2)
  A shadow imp (D:6)
  A white imp (D:6)
  A worm (D:3)
  2 dart slugs (D:1)
  10 orcs
  3 ball pythons
  2 bats (D:1)
  3 endoplasms
  3 giant cockroaches
  6 goblins
  5 hobgoblins
  6 kobolds
  2 quokkas (D:2)
  3 frilled lizards
  3 goblin zombies (Ossuary)
  2 hobgoblin zombies (Ossuary)
  2 kobold zombies (Ossuary)
  3 rats
65 creatures vanquished.

Notes
Turn   | Place    | Note
-------+----------+-------------------------------------------
     0 | D:1      | gruber the Demigod Earth Elementalist began the quest for
                  | the Orb.
     0 | D:1      | Reached XP level 1. HP: 14/14 MP: 5/5
    66 | D:1      | Reached skill level 3 in Earth Magic
   198 | D:1      | Reached XP level 2. HP: 19/20 MP: 4/7
   287 | D:1      | You fall into a shaft and drop 1 floor!
   908 | D:1      | Reached XP level 3. HP: 13/26 MP: 4/8
  1064 | D:2      | Learned a level 3 spell: Stone Arrow
  1117 | D:2      | Reached skill level 4 in Earth Magic
  1466 | D:2      | Found a runed translucent door.
  1467 | D:2      | Noticed Crazy Yiuf
  2112 | D:2      | Killed Crazy Yiuf
  2113 | D:2      | Reached XP level 4. HP: 15/33 MP: 5/9
  2563 | D:3      | Reached skill level 5 in Earth Magic
  2990 | D:3      | You fall into a shaft and drop 3 floors!
  2991 | D:6      | Noticed a black bear
  2993 | D:6      | Killed a black bear
  2994 | D:6      | Reached XP level 5. HP: 23/38 MP: 6/10
  3148 | D:6      | Reached skill level 6 in Earth Magic
  3179 | D:6      | Noticed a centaur
  3212 | D:6      | Found a sand-covered staircase.
  3223 | Ossuary  | Entered an ossuary
  3223 | Ossuary  | Noticed a wraith
  3223 | Ossuary  | Noticed a wraith
  3223 | Ossuary  | Noticed a wraith
  3394 | Ossuary  | Noticed a wraith
  3405 | Ossuary  | HP: 1/38 [wraith (13)]
  3406 | Ossuary  | Mangled by a wraith

Illustrated notes

Levels and vault maps discovered:
D:1:      grunt_arrival_crossed_arrows, layout_basic
D:2:      layout_rooms, grunt_ministairs_1, chequers_serial_rivers_small_3,
          kennysheep_generic_room_12, uniq_crazy_yiuf_cottage
D:3:      layout_loops_ring, nicolae_overflow_hidden_temple,
          lemuel_crystal_altar
D:6:      layout_loops_ring, evilmike_ruin_ashenzari,
          minmay_temple_entry_arrows, nicolae_ossuary_entry_monument
Ossuary:  ossuary_kennysheep_city_of_the_dead

Skill      XL: |  1  2  3  4  5 |
---------------+----------------+-----
Earth Magic    | 3 4 5 6 |  6.0
Dodging        | |  1.7
Stealth        | |  1.7
Spellcasting   | |  1.7
Translocations | |  0.1
Transmutations | |  0.8

Action                   |  1- 3 |  4- 6 || total
-------------------------+-------+-------++-------
Melee: Unarmed           |     9 |       ||     9
       Hand axe          |    43 |       ||    43
       Short sword       |     4 |    15 ||    19
 Cast: Sandblast         |    36 |    52 ||    88
 Stab: Sleeping          |     4 |     1 ||     5
Armor: Robe              |    10 |    14 ||    24
Dodge: Dodged            |    49 |    17 ||    66

Table legend: (Time is in decaauts)
 A = Elapsed time spent in this place.
 B = Non-inter-level travel time spent in this place.
 C = Inter-level travel time spent in this place.
 D = Time resting spent in this place.
 E = Time spent auto-exploring this place.
 F = Levels seen in this place.
 G = Mean time per level.
                   A        B        C        D        E       F      G
               +--------+--------+--------+--------+--------+-----+--------+
         Total |   3429 |   3336 |     93 |    233 |   2625 |   5 |  685.8 |
       Dungeon |   3242 |   3149 |     93 |    231 |   2514 |   4 |  810.5 |
       Ossuary |    187 |    187 |      0 |      2 |    111 |   1 |  187.0 |
               +--------+--------+--------+--------+--------+-----+--------+

Top non-repeatable levels by time:
     D:2: 1640 daAuts
     D:1: 698 daAuts
     D:3: 670 daAuts
     D:6: 232 daAuts
 Ossuary: 187 daAuts
